 Dungeon Crawl Stone Soup version 0.18.1-48-g4cf74bf (webtiles) character file.

386 atgrul the Geomancer (level 6, -2/49 HPs)
             Began as a Deep Dwarf Earth Elementalist on July 31, 2016.
             Slain by a gnoll
             ... wielding a +0 spear
              (5 damage)
             ... on level 5 of the Dungeon.
             The game lasted 00:22:01 (4155 turns).

atgrul the Geomancer (DDEE)                         Turns: 4155, Time: 00:22:02

Health: -2/49      AC:  2    Str: 12    XL:     6   Next: 48%
Magic:  8/8        EV:  6    Int: 17    God:
Gold:   322        SH:  0    Dex: 13    Spells: 3 memorised, 0 levels left

rFire  . . .     SeeInvis .     D - +0 falchion (elec)
rCold  . . .     Gourm    .     a - +0 robe
rNeg   . . .     Faith    .     (no shield)
rPois  .         Spirit   .     (no helmet)
rElec  .         Dismiss  .     (no cloak)
rCorr  .         Reflect  .     (no gloves)
SustAt .         Harm     .     (no boots)
MR     .....                    (no amulet)
Stlth  ++........               (no ring)
                                g - ring of wizardry

@: held, non-regenerating, not resistant to hostile enchantments, unstealthy
A: damage resistance, recharge devices, sense surroundings 1, slow regeneration
3
a: Device Recharging


You were on level 5 of the Dungeon.
You were hungry.

You visited 1 branch of the dungeon, and saw 5 of its levels.

You collected 322 gold pieces.

Inventory:

Hand Weapons
 q - a +0 spear
 D - a +0 falchion of electrocution (weapon)
Missiles
 b - 118 stones (quivered)
Armour
 a - a +0 robe (worn)
 u - a cursed +0 cloak
Jewellery
 g - a ring of wizardry (left hand)
Wands
 d - a wand of heal wounds (4/9)
 f - a wand of iceblast (3/15)
 y - a wand of lightning (8/15)
Scrolls
 e - 2 scrolls of fear
 h - a scroll of immolation {unknown}
 k - 3 scrolls of teleportation
 m - 3 scrolls of magic mapping
 n - a scroll of random uselessness {unknown}
 p - 3 scrolls of recharging
 v - a scroll of enchant armour {unknown}
 w - 3 scrolls of remove curse
 z - a scroll of identify
 C - a scroll of noise {unknown}
Potions
 j - a potion of ambrosia {unknown}
 l - 2 potions of flight
 o - a potion of invisibility {unknown}
 t - a potion of degeneration {unknown}
 A - a potion of cure mutation {unknown}
 B - a potion of heal wounds {unknown}
Books
 c - a book of Geomancy

   Spells                             Type                      Level
   a - Sandblast                      Earth                        1
   b - Passwall                       Transmutation/Earth          2
   c - Stone Arrow                    Conjuration/Earth            3
   d - Petrify                        Transmutation/Earth          4
   e - Lee's Rapid Deconstruction     Earth                        5
Comestibles
 i - a royal jelly
 r - a slice of pizza
 s - 3 meat rations
 x - 2 beef jerkies


   Skills:
 - Level 2.1 Dodging
 - Level 2.4 Stealth
 - Level 0.1 Unarmed Combat
 * Level 2.1 Spellcasting
 * Level 0.8 Conjurations
   Level 0.8 Transmutations
 - Level 9.3 Earth Magic


You couldn't memorise any spells.
You knew the following spells:

 Your Spells              Type           Power        Failure   Level  Hunger
a - Sandblast             Erth           ####..       1%          1    #......
b - Stone Arrow           Conj/Erth      ###...       4%          3    ###....
c - Lee's Rapid Deconstr  Erth           ####......   6%          5    ######.


Dungeon Overview and Level Annotations

Branches:
Dungeon (5/15)             Temple (0/1) D:5

Altars:
Nemelex Xobeh
Ru
Zin
The Shining One

Annotations:
D:3 Inkary's ghost, amateur DrMo; Terence


Innate Abilities, Weirdness & Mutations

You are resistant to damage.
You can recharge devices by infusing magical energy.
You passively map a small area around you.
You do not regenerate naturally.


Message History

The giant frog zombie hits you!
* * * LOW HITPOINT WARNING * * *
You can't do that while held in a net.
The adder zombie bites you but does no damage.
The gnoll hits you from afar with a spear.
The giant frog zombie barely misses you.
The gnoll hits you from afar with a spear.
The gnoll shaman hits you with a club.
You can't do that while held in a net.
The adder zombie bites you.
The giant frog zombie barely misses you.
The gnoll barely misses you. The gnoll closely misses you.
The adder zombie barely misses you.
You can't do that while held in a net.
The gnoll shaman hits you but does no damage.
The giant frog zombie barely misses you.
The gnoll hits you from afar with a spear.
* * * LOW HITPOINT WARNING * * *
The gnoll hits you from afar with a spear!
You die...

* ,, ########## #
#........# * ,, ,..
#........# , ,
...##....g...####
....g..(.......# * ,
.).##...gZ......# , ,
*#....@ZOg.....# . ,
#.#...Zg......# ... , *
......g...#...###..... *
*
#...#...#...#...........
#..,#.⌠.#...#g..###.....
#. #...###.#...# ,,... *
# .............# , . ,
⌠..>..⌠......# , ,
........##.##


You could see an ogre, a gnoll shaman, 5 gnolls, a ball python zombie, an adder
zombie and a giant frog zombie.

Vanquished Creatures
  A phantom (D:4)
  A scorpion (D:4)
  A howler monkey (D:4)
  A hound (D:3)
  A worker ant (D:4)
  6 adders
  2 oozes
  An adder skeleton (D:4)
  3 worms
  5 dart slugs
  2 giant geckos
  7 bats
  2 giant cockroaches
  7 goblins
  4 hobgoblins
  16 jackals
  7 kobolds
  7 giant newts
  5 rats
79 creatures vanquished.

Notes
Turn   | Place    | Note
--------------------------------------------------------------
     0 | D:1      | atgrul the Deep Dwarf Earth Elementalist began the quest for the Orb.
     0 | D:1      | Reached XP level 1. HP: 15/15 MP: 3/3
   216 | D:1      | Reached XP level 2. HP: 16/22 MP: 2/4
   492 | D:1      | Reached skill level 5 in Earth Magic
   999 | D:2      | Found a glowing golden altar of the Shining One.
  1063 | D:2      | Reached XP level 3. HP: 15/28 MP: 0/5
  1428 | D:2      | Reached skill level 6 in Earth Magic
  1639 | D:2      | Reached XP level 4. HP: 17/36 MP: 2/6
  1848 | D:2      | Learned a level 3 spell: Stone Arrow
  2262 | D:2      | Reached skill level 7 in Earth Magic
  2435 | D:2      | Found a sacrificial altar of Ru.
  2510 | D:3      | Noticed Terence
  2670 | D:3      | Found a glowing silver altar of Zin.
  2789 | D:3      | Reached XP level 5. HP: 32/42 MP: 3/7
  2905 | D:3      | You fall through a shaft for 2 floors!
  2905 | D:5      | Entered Level 5 of the Dungeon
  2905 | D:5      | Found a sparkling altar of Nemelex Xobeh.
  2907 | D:5      | Found a staircase to the Ecumenical Temple.
  2907 | D:5      | Noticed an ogre
  2932 | D:4      | Reached skill level 8 in Earth Magic
  3320 | D:4      | Reached XP level 6. HP: 48/49 MP: 4/7
  3612 | D:4      | Reached skill level 9 in Earth Magic
  4009 | D:3      | Learned a level 5 spell: Lee's Rapid Deconstruction
  4040 | D:3      | Noticed Inkary's ghost (amateur DrMo)
  4155 | D:5      | Slain by a gnoll

Skill      XL: |  1  2  3  4  5  6 |
---------------+-------------------+-----
Earth Magic    | 5 6 7 8 9 |  9.3
Spellcasting   | 2 |  2.1
Dodging        | |  2.1
Stealth        | |  2.4
Unarmed Combat | |  0.1
Conjurations   | |  0.8
Transmutations | |  0.8

Action                   |  1- 3 |  4- 6 || total
-------------------------+-------+-------++-------
Melee: Unarmed           |     5 |       ||     5
       Spear             |    31 |    75 ||   106
       Falchion          |       |     7 ||     7
Throw: Stone             |    36 |    90 ||   126
 Cast: Sandblast         |    72 |    77 ||   149
       Stone Arrow       |       |     8 ||     8
 Abil: Device Recharging |       |     1 ||     1
Evoke: Wand              |     1 |     6 ||     7
  Use: Scroll            |       |     6 ||     6
  Eat: Bread ration      |     1 |     1 ||     2
       Chunk             |       |     5 ||     5
Armor: Robe              |    15 |    23 ||    38
Dodge: Dodged            |    76 |   121 ||   197
